 Dungeon Crawl Stone Soup version 0.21-b1-23-g1fb0a74 (webtiles) character file.

1739003 Anoose the Slayer (level 27, 258/271 HPs)
             Began as a Minotaur Berserker on Jan 4, 2018.
             Was the Champion of Trog.
             Escaped with the Orb
             ... and 3 runes on Jan 5, 2018!
             The game lasted 08:59:17 (73488 turns).

Anoose the Slayer (Minotaur Berserker)             Turns: 73488, Time: 08:59:17

Health: 258/271    AC: 40    Str: 30      XL:     27
Magic:  30/30      EV: 25    Int:  4 (6)  God:    Trog [******]
Gold:   2329       SH: 39    Dex: 24      Spells: 26/26 levels left

rFire    + + +     SeeInvis .   a - +8 broad axe "Foher" {chop, rC+}
rCold    + + +     Gourm    .   E - +8 large shield of Cupour {rF+ rCorr}
rNeg     . . .     Faith    +   J - +2 gold dragon scales
rPois    +         Spirit   .   Y - +1 hat of Discretion {rElec}
rElec    +         Reflect  .   x - +2 cloak
rCorr    +         Harm     .   v - +3 pair of gloves "Rugem" {+Blink rF+}
MR       +++++                  m - +1 pair of boots {Fly}
Stlth    ..........             p - amulet of Mul Onah {Faith +Inv rElec Str+5}
HPRegen  0.55/turn              j - ring of Owauni Musch {rC- MR++ Int+2 Dex+5}
MPRegen  0.22/turn              R - ring "Kecun" {rC++ Str-3 Dex+4 Slay+2 Stlth-}

@: flying, drained
A: retaliatory headbutt, horns 2, large bone plates 1, clumsy 1, magic
resistance 1, poison resistance, no potion heal 1
0: Orb of Zot
}: 3/15 runes: decaying, silver, gossamer
a: Berserk, Trog's Hand, Brothers in Arms, Burn Spellbooks, Renounce Religion,
Evoke Blink, Evoke Invisibility, Stop Flying


You escaped.
You worshipped Trog.
Trog was exalted by your worship.
You were very full.

You visited 9 branches of the dungeon, and saw 49 of its levels.
You visited 1 bazaar.
You also visited: Sewer and Ossuary.

You collected 7360 gold pieces.
You spent 5031 gold pieces at shops.

Inventory:

Hand Weapons
 a - the +8 broad axe "Foher" (weapon) {chop, rC+}
   (You took it off a deep elf death mage on level 3 of the Elven Halls)

   It inflicts extra damage upon your enemies.
   It protects you from cold.
 b - a +7 antimagic demon trident
Missiles
 W - 10 throwing nets (quivered)
Armour
 m - a +1 pair of boots of flying (worn)
 v - the +3 pair of gloves "Rugem" (worn) {+Blink rF+}
   (You found it on level 1 of the Elven Halls)

   It protects you from fire.
   It lets you blink.
 x - a +2 cloak (worn)
 E - the +8 large shield of Cupour (worn) {rF+ rCorr}
   (You found it on level 2 of the Lair of Beasts)

   It protects you from fire.
   It protects you from acid and corrosion.
 G - a +0 hat
 J - +2 gold dragon scales (worn)
 O - a +1 cloak of invisibility
 Y - the +1 hat of Discretion (worn) {rElec}
   (You acquired it on level 5 of the Realm of Zot)

   It insulates you from electricity.
Jewellery
 j - the ring of Owauni Musch (left hand) {rC- MR++ Int+2 Dex+5}
   (You bought it in a shop on level 2 of the Vaults)

   [ring of intelligence]

   It affects your intelligence (+2).
   It affects your dexterity (+5).
   It makes you vulnerable to cold.
   It affects your resistance to hostile enchantments.
 p - the amulet of Mul Onah (around neck) {Faith +Inv rElec Str+5}
   (You took it off a deep elf death mage on level 3 of the Elven Halls)

   [amulet of faith]

   It allows you to gain divine favour quickly.
   It affects your strength (+5).
   It insulates you from electricity.
   It lets you turn invisible.
 R - the ring "Kecun" (right hand) {rC++ Str-3 Dex+4 Slay+2 Stlth-}
   (You took it off a deep elf sorcerer on level 3 of the Elven Halls)

   [ring of loudness]

   It affects your strength (-3).
   It affects your dexterity (+4).
   It affects your accuracy and damage with ranged weapons and melee attacks
   (+2).
   It greatly protects you from cold.
   It makes you less stealthy.
Wands
 q - a wand of digging (21)
 u - a wand of enslavement (6)
 C - a wand of paralysis (75)
 H - a wand of scattershot (5)
 K - a wand of flame (100)
 N - a wand of iceblast (51)
 X - a wand of acid (52)
Scrolls
 g - 8 scrolls of fog
 k - 6 scrolls of immolation
 n - 8 scrolls of fear
 t - 8 scrolls of teleportation
 y - 18 scrolls of remove curse
 A - 3 scrolls of holy word
 F - a scroll of brand weapon
 L - 2 scrolls of magic mapping
 M - 5 scrolls of summoning
 P - 5 scrolls of blinking
 Q - 5 scrolls of enchant weapon
 U - 17 scrolls of identify
 V - 3 scrolls of silence
Potions
 d - 6 potions of might
 i - 18 potions of curing
 l - 3 potions of haste
 o - 10 potions of heal wounds
 s - 6 potions of mutation
 w - 8 potions of agility
 I - 7 potions of invisibility
 T - 3 potions of cancellation
Books
 e - a book of the Earth

   Spells                             Type                      Level
   a - Leda's Liquefaction            Hexes/Earth                  4
   b - Bolt of Magma                  Conjuration/Fire/Earth       5
   c - Statue Form                    Transmutation/Earth          6
   d - Iron Shot                      Conjuration/Earth            6
   e - Shatter                        Earth                        9
   Trog disapproves of the use of such an item.
Miscellaneous
 f - a lamp of fire
 h - a fan of gales
 r - a phial of floods
 z - a phantom mirror
 B - a lightning rod (4/4)
 D - 4 boxes of beasts
 S - a sack of spiders
Comestibles
 c - 51 rations


   Skills:
 + Level 26.7(25.9) Fighting
 - Level 15.3(17.3) Axes
   Level 13.0(15.2) Maces & Flails
 - Level 10.7(13.6) Polearms
 + Level 25.7(24.9) Armour
 + Level 24.0(23.2) Dodging
 - Level 25.0(24.2) Shields
 - Level 11.0(10.4) Evocations


You had 26 spell levels left.
You didn't know any spells.

Dungeon Overview and Level Annotations

Branches:
Dungeon (15/15)            Temple (0/1) D:5            Lair (6/6) D:10
  Swamp (4/4) Lair:2       Spider (4/4) Lair:4        Slime (0/5) Lair:6
    Orc (2/2) D:9             Elf (3/3) Orc:2        Vaults (5/5) D:13
  Crypt (0/3) Vaults:3     Depths (5/5) D:15            Zot (5/5) Depths:5

Altars:
Ashenzari
Elyvilon
Fedhas
Kikubaaqudgha
Okawaru
Ru
Vehumet
Wu Jian
Zin
The Shining One
Beogh

Shops:
D:9 *}*[=   Orc:2 ::??(   Elf:2 ?   Vaults:2 =?[   Vaults:4 [**:*   Vaults:5 ?:
Depths:1 :   Depths:2 *

Portals:
Hell: Depths:1 Depths:2 Depths:3 Depths:4 Depths:5
Abyss: Depths:4
Pandemonium: Depths:2 Depths:3
Ziggurat: Depths:3

Annotations:
Swamp:3 exclusion: downstairs
Vaults:1 exclusion: orange crystal statue
Zot:3 exclusion: 4 oklob plants


Innate Abilities, Weirdness & Mutations

You reflexively headbutt those who attack you in melee.
You have a pair of horns on your head.
You are partially covered in large bone plates. (SH +4)
You are clumsy. (Dex -2)
You are resistant to hostile enchantments. (MR+)
Your system is resistant to poisons. (rPois)
Potions are less effective at restoring your health.


Message History

You headbutt the Orb Guardian!! You slash the Orb Guardian!
The Orb Guardian is almost dead.
You block the Orb Guardian's attack.
You miss the Orb Guardian.
You headbutt the Orb Guardian, but do no damage.
The Orb Guardian is almost dead.
The Orb Guardian hits you but does no damage.
You barely miss the Orb Guardian.
The Orb Guardian is almost dead.
You block the Orb Guardian's attack.
You slash the Orb Guardian!
You kill the Orb Guardian!
Trog accepts your kill.
An eye of draining and a hobgoblin come into view.
HP restored.
The hobgoblin shouts!
The infernal black sun mumbles some strange prayers to Kikubaaqudgha against you.
The bolt of negative energy hits you!
You feel drained.
You have escaped!

#######.# #)# #.# #.# ###.# #.#
### #.# #####...#####.# ..#
#.###.....(.....#.######### #.#
#.##......6666X...........# #.#
#.#...(≈≈≈≈≈≈≈....###...... #.#
###.....≈G.....≈≈....##.#####
#.###...#..≈≈....♣..≈≈...##.###
#.#...#.#.≈≈.♣..@.8..≈≈..##...#
#...###.#.≈..8g....♣..≈.......#
..### #.#.≈...........≈..####.#
# #.# #.#.≈≈.......♣.≈≈...###.#
# ..#
#.#..≈≈.♣..8..≈≈...#.##.### ###
#.....≈≈.....≈≈..#.##.....>
#......≈≈≈.≈≈≈..##.###..###
##.##...........##.##.#.# #
#######.###...........#.#.##.#
#


You could see an infernal black sun, a monstrous blood saint, a gelid
demonspawn, an infernal demonspawn, an eye of draining and a hobgoblin.

Vanquished Creatures
  6 ancient liches
  5 orbs of fire
  A juggernaut (Depths:3)
  Sojobo (D:15)
  The ghost of Yermak the Executioner, a veteran DDFi of Makhleb (Zot:5)
  Xtahua (Depths:5)
  9 Killer Klowns
  A curse toe (Zot:2)
  7 golden dragons
  Nikola (Vaults:1)
  the Enchantress (Depths:1)
  Arachne (Spider:3)
  3 electric golems
  An iron giant (shapeshifter) (Vaults:5)
  18 tentacled monstrosities
  4 liches
  Asterion (Spider:1)
  29 Orb Guardians
  3 titans
  Gastronok (D:9)
  14 quicksilver dragons
  4 deep elf blademasters (Elf:3)
  6 sphinxes
  3 thorn hunters
  Kirke (Lair:6)
  7 death cobs
  9 shadow dragons
  8 draconian monks
  13 storm dragons
  4 tengu reavers
  8 frost giants
  10 fire giants
  An iron dragon (Vaults:5)
  5 draconian scorchers
  10 vault wardens
  9 deep elf sorcerers
  7 draconian knights
  Louise (Depths:4)
  3 emperor scorpions
  7 ghost moths
  12 deep elf elementalists
  22 very ugly things
  9 draconian shifters
  22 stone giants
  6 draconian stormcallers
  3 entropy weavers
  17 ironheart preservers
  3 war gargoyles (Vaults:5)
  9 draconian annihilators
  3 spriggan defenders
  8 deep elf demonologists
  9 green draconians
  3 vampire knights
  5 dire elephants (Depths:2)
  20 black draconians
  8 deep elf annihilators
  15 yellow draconians
  10 spark wasps
  16 white draconians
  A spark wasp (shapeshifter) (Vaults:5)
  30 purple draconians
  8 ettins
  16 red draconians
  A crystal guardian (Vaults:4)
  7 deep elf death magi
  14 fire dragons
  A green death (Depths:3)
  8 deep elf high priests
  11 great orbs of eyes
  14 yaktaur captains
  Josephine (Spider:1)
  7 rakshasas
  20 hydras
  2 monstrous demonspawn (Zot:5)
  31 vault guards
  Harold (Lair:2)
  15 ice dragons
  Erolcha (D:11)
  A catoblepas (shapeshifter) (Depths:4)
  4 death knights
  A hell beast (Depths:4)
  Erica (D:8)
  2 spriggan air magi
  A queen ant (Lair:3)
  6 alligators
  10 centaur warriors
  16 dancing weapons
  11 death yaks
  37 two-headed ogres
  5 tengu warriors
  13 ogre magi
  2 vampire magi (Depths:5)
  A titan zombie (Depths:4)
  A queen ant (shapeshifter) (Elf:3)
  5 deep troll shamans
  3 spriggan berserkers
  Urug (Lair:4)
  9 spriggans
  12 deep troll earth magi
  16 deep elf knights
  A storm dragon zombie (Vaults:3)
  A sun demon (Depths:4)
  Nergalle (Orc:2)
  A skeletal warrior (Vaults:4)
  2 sixfirhies (Depths:3)
  3 shadow wraiths
  2 iron trolls (D:15)
  The ghost of Amon001 the Charlatan, a novice GnAr of Gozag (D:7)
  4 hell knights (Depths:2)
  4 wizards
  3 unseen horrors
  15 swamp dragons
  5 glowing orange brains
  22 deep trolls
  A spriggan druid (Swamp:3)
  21 deep elf archers
  2 flayed ghosts
  13 ironbrand convokers
  6 necromancers
  6 harpies (Vaults:2)
  A harpy (shapeshifter) (Depths:4)
  A shambling mangrove (Swamp:1)
  13 orb spiders
  11 orc knights
  3 phantasmal warriors
  7 orc sorcerers (Orc:2)
  34 wolf spiders
  64 ugly things
  A stone giant zombie (Vaults:3)
  63 deep elf magi
  7 oklob plants
  5 cyclopes (Vaults:2)
  A manticore (D:15)
  8 elephants
  17 moths of wrath
  2 frost giant zombies
  A manticore (shapeshifter) (Depths:4)
  Maurice (D:9)
  A moth of wrath (shapeshifter) (Depths:2)
  2 rust devils
  A black mamba (shapeshifter) (Vaults:2)
  A guardian serpent (Lair:6)
  2 smoke demons (Depths:2)
  An orange demon (D:6)
  Joseph (D:7)
  8 vault sentinels
  7 black mambas
  3 torpor snails
  2 gargoyles
  A spriggan zombie (Depths:1)
  27 spiny frogs
  A komodo dragon (shapeshifter) (Vaults:1)
  8 rime drakes
  8 freezing wraiths
  46 yaktaurs
  9 komodo dragons
  A kobold demonologist (D:15)
  7 demonic crawlers
  An ice devil (Depths:3)
  A tormentor (Depths:2)
  4 tengu conjurers
  27 jumping spiders
  2 trolls (shapeshifter)
  A yaktaur skeleton (Vaults:4)
  A merfolk (shapeshifter) (Vaults:4)
  3 meliai (D:14)
  2 hellwings
  A queen bee (shapeshifter) (Depths:4)
  2 jumping spiders (shapeshifter)
  6 trolls
  10 tyrant leeches
  A polar bear (shapeshifter) (Vaults:2)
  A hornet (shapeshifter) (Depths:3)
  A raiju (shapeshifter) (Vaults:1)
  9 dream sheep
  23 hornets
  2 hippogriffs (shapeshifter)
  A snapping turtle (shapeshifter) (Vaults:1)
  8 bog bodies
  11 slime creatures
  20 blink frogs
  A shadow dragon simulacrum (Depths:4)
  A dream sheep (shapeshifter) (Elf:3)
  7 hippogriffs
  A redback (shapeshifter) (Vaults:5)
  An air elemental (Elf:3)
  63 redbacks
  A fire dragon skeleton (Depths:1)
  2 vampires
  24 tarantellas
  The ghost of Glamhuggeren the Sneak, an amateur KoEn (D:4)
  10 wyverns
  6 shadows
  11 water elementals
  54 yaks
  3 fire bats (Depths:1)
  3 ynoxinuls
  2 basilisks (Lair:6)
  Grum (Lair:1)
  5 steam dragons
  9 wraiths
  9 hogs
  2 fire elementals (Elf:1)
  2 humans
  A yaktaur simulacrum (Vaults:4)
  12 vampire mosquitoes
  2 human simulacra
  Menkaure (D:7)
  A soldier ant (shapeshifter) (Vaults:3)
  17 swamp worms
  A warg (shapeshifter) (D:13)
  5 soldier ants (Lair:3)
  5 acid dragons
  19 insubstantial wisps
  4 wargs
  3 porcupines
  25 water moccasins
  13 swamp drakes
  33 orc warriors
  An ice beast (shapeshifter) (Vaults:5)
  4 sky beasts
  An eye of draining (D:13)
  4 necrophages (D:6)
  An ettin simulacrum (Vaults:2)
  A black bear (Lair:1)
  An eye of draining (shapeshifter) (Vaults:4)
  7 ice beasts
  A centaur (shapeshifter) (Vaults:5)
  15 wolves
  14 centaurs
  3 phantoms
  23 ogres
  8 boggarts
  17 crocodiles
  Blork the orc (D:6)
  17 bullfrogs
  4 big kobolds
  3 elf skeletons (D:5)
  5 earth elementals
  A glowing shapeshifter simulacrum (Vaults:3)
  2 wyvern skeletons
  A water moccasin zombie (D:6)
  6 scorpions
  4 killer bees (D:9)
  3 wights
  5 electric eels
  4 howler monkeys
  13 crimson imps
  A quasit (D:12)
  A bullfrog zombie (D:9)
  4 centaur zombies
  2 jellies (D:6)
  2 centaur skeletons
  8 human zombies
  17 orc priests
  5 hounds
  An iron imp (Depths:2)
  3 human skeletons
  9 iguanas
  Ijyb (D:5)
  37 orc wizards
  41 worker ants
  2 hound zombies
  A mummy (Ossuary)
  A howler monkey zombie (D:10)
  A worker ant zombie (D:6)
  Robin (D:2)
  A howler monkey skeleton (D:11)
  A river rat (D:3)
  18 adders
  5 shadow imps
  An ooze (D:1)
  4 adder skeletons
  A worm (D:3)
  5 leopard geckos
  94 orcs
  8 giant cockroaches
  17 goblins
  9 hobgoblins
  19 jackals
  3 quokkas
  2 ball pythons
  6 bats
  7 frilled lizards
  5 gnoll skeletons (Ossuary)
  A jackal skeleton (D:5)
  2 jackal zombies
  20 kobolds
  5 kobold skeletons (Ossuary)
  16 orc skeletons
  2 orc zombies (D:5)
  A quokka zombie (D:6)
  18 rats
  A bush (D:6)
  2 fungi
  A plant (Zot:3)
2345 creatures vanquished.

Vanquished Creatures (collateral kills)
  Bai Suzhen (Swamp:3)
  A tengu reaver (Depths:1)
  2 draconian shifters (Zot:4)
  An ironheart preserver (Vaults:4)
  An entropy weaver (Vaults:3)
  A black draconian (Zot:4)
  3 purple draconians
  A yellow draconian (Zot:4)
  A rakshasa (Vaults:3)
  A vault guard (Vaults:5)
  2 hydras
  A deep troll shaman (Depths:1)
  A deep troll earth mage (Depths:1)
  A dancing weapon (Elf:2)
  2 deep trolls (Vaults:4)
  An ironbrand convoker (Vaults:4)
  A harpy (shapeshifter) (Vaults:5)
  An ugly thing (Depths:1)
  2 deep elf magi (Elf:2)
  A torpor snail (Lair:4)
  A yaktaur (Depths:2)
  A hornet (Spider:4)
  5 dream sheep (Lair:4)
  6 blink frogs (Lair:4)
39 creatures vanquished.

Vanquished Creatures (others)
  A deep elf sorcerer (Elf:3)
  A deep elf annihilator (Vaults:5)
  A spriggan air mage (Depths:1)
  2 deep elf knights
  3 deep elf archers
  2 deep elf magi (Elf:2)
  A moth of wrath (Zot:5)
  A vault sentinel (Vaults:1)
  A yaktaur (D:15)
  A jumping spider (Spider:2)
  A water elemental (Elf:3)
  2 humans
  A swamp worm (Swamp:4)
  An orc warrior (Orc:2)
  A boggart (Depths:4)
  A jelly (D:8)
  2 orcs
  2 crawling corpses (Elf:3)
  33 fungi
  64 plants
122 creatures vanquished.

Grand Total: 2506 creatures vanquished

Notes
Turn   | Place    | Note
-------+----------+-------------------------------------------
     0 | D:1      | Anoose the Minotaur Berserker began the quest for the Orb.
     0 | D:1      | Reached XP level 1. HP: 19/19 MP: 0/0
   184 | D:1      | Reached XP level 2. HP: 27/27 MP: 1/1
   392 | D:1      | Reached skill level 4 in Fighting
   535 | D:1      | Reached ** piety under Trog
   535 | D:1      | Reached XP level 3. HP: 33/33 MP: 2/2
   949 | D:1      | You fall through a shaft!
  1036 | D:2      | Found a white marble altar of Elyvilon.
  1112 | D:2      | Reached XP level 4. HP: 40/41 MP: 3/3
  1307 | D:2      | Noticed Robin
  1320 | D:2      | Killed Robin
  1718 | D:3      | Reached XP level 5. HP: 47/47 MP: 4/4
  1812 | D:3      | Found a glowing drain.
  1830 | D:3      | Reached *** piety under Trog
  1874 | Sewer    | Entered a sewer
  1951 | Sewer    | Reached skill level 5 in Fighting
  1951 | Sewer    | Reached skill level 5 in Axes
  1974 | Sewer    | Found a white marble altar of Elyvilon.
  2110 | D:3      | Reached XP level 6. HP: 52/56 MP: 5/5
  2251 | D:3      | Found a sacrificial altar of Ru.
  2738 | D:3      | Noticed an angel
  2741 | D:3      | Found a glowing silver altar of Zin.
  2960 | D:4      | Reached **** piety under Trog
  3103 | D:4      | Found a radiant altar of Vehumet.
  3105 | D:4      | Noticed Glamhuggeren's ghost (amateur KoEn)
  3444 | D:4      | Reached skill level 5 in Armour
  3444 | D:4      | Reached XP level 7. HP: 62/62 MP: 6/6
  3541 | D:5      | Entered Level 5 of the Dungeon
  3584 | D:5      | Reached skill level 1 in Polearms
  3622 | D:5      | Reached skill level 6 in Fighting
  3641 | D:5      | Reached skill level 5 in Dodging
  3723 | D:5      | Found a sand-covered staircase.
  3732 | Ossuary  | Entered an ossuary
  3732 | Ossuary  | Noticed a wraith
  3732 | Ossuary  | Noticed a wraith
  3732 | Ossuary  | Noticed a wraith
  3830 | Ossuary  | Reached ***** piety under Trog
  3837 | Ossuary  | Noticed a wraith
  3857 | Ossuary  | Killed a wraith
  3857 | Ossuary  | Reached XP level 8. HP: 43/71 MP: 7/7
  4283 | D:5      | Noticed Ijyb
  4296 | D:5      | Killed Ijyb
  4296 | D:5      | Reached skill level 7 in Fighting
  4327 | D:5      | Found a staircase to the Ecumenical Temple.
  4388 | D:5      | You fall through a shaft for 2 floors!
  4515 | D:4      | Killed Glamhuggeren's ghost
  4782 | D:6      | Reached skill level 5 in Polearms
  4827 | D:6      | Reached XP level 9. HP: 81/81 MP: 8/8
  4842 | D:6      | Reached skill level 8 in Fighting
  5052 | D:6      | Noticed Blork the orc
  5054 | D:6      | Killed Blork the orc
  5136 | D:6      | Found a blossoming altar of Fedhas.
  5361 | D:7      | Noticed Joseph
  5381 | D:7      | Killed Joseph
  5637 | D:7      | Noticed Amon001's ghost (novice GnAr)
  5661 | D:7      | Killed Amon001's ghost
  5661 | D:7      | Reached skill level 9 in Fighting
  5954 | D:7      | Noticed Menkaure
  6295 | D:7      | Killed Menkaure
  6656 | D:7      | Reached skill level 1 in Shields
  6656 | D:7      | Reached XP level 10. HP: 84/89 MP: 9/9
  6934 | D:8      | Noticed Erica
  6969 | D:8      | Killed Erica
  7001 | D:8      | Found a roughly hewn altar of Beogh.
  7186 | D:8      | Found a shattered altar of Ashenzari.
  7244 | D:8      | Reached skill level 10 in Fighting
  7707 | D:9      | Noticed a two-headed ogre
  7721 | D:9      | Killed a two-headed ogre
  7923 | D:9      | Found a staircase to the Orcish Mines.
  7967 | D:9      | Found Ebaored's Armour Boutique.
  8008 | D:9      | Reached skill level 10 in Armour
  8031 | D:9      | Found Becotsa's Jewellery Shoppe.
  8268 | D:9      | Noticed a two-headed ogre
  8280 | D:9      | Killed a two-headed ogre
  8280 | D:9      | Reached XP level 11. HP: 99/99 MP: 10/10
  8283 | D:9      | Reached skill level 5 in Shields
  8482 | D:9      | Found Meeneset's Assorted Antiques.
  8520 | D:9      | Bought a fuming purple potion for 24 gold pieces
  8520 | D:9      | Bought a smoky pink potion for 24 gold pieces
  8675 | D:9      | Found Zuaf's Gadget Emporium.
  8731 | D:9      | Noticed Gastronok
  8756 | D:9      | Killed Gastronok
  8864 | D:9      | Noticed a two-headed ogre
  8871 | D:9      | Killed a two-headed ogre
  8871 | D:9      | Reached skill level 11 in Fighting
  8968 | D:9      | Noticed a two-headed ogre
  8975 | D:9      | Noticed Maurice
  8996 | D:9      | Killed Maurice
  8996 | D:9      | Reached skill level 10 in Dodging
  8998 | D:9      | Killed a two-headed ogre
  9210 | D:9      | Reached ****** piety under Trog
  9210 | D:9      | Received a gift from Trog
  9331 | D:9      | Found Peghaylo's Assorted Antiques.
  9411 | D:10     | Entered Level 10 of the Dungeon
  9947 | D:10     | Found a staircase to the Lair.
 10039 | D:10     | Noticed a two-headed ogre
 10075 | D:10     | Killed a two-headed ogre
 10679 | D:11     | Reached XP level 12. HP: 93/110 MP: 3/11
 10910 | D:11     | Received a gift from Trog
 11288 | D:11     | Noticed Erolcha
 11380 | D:11     | Killed Erolcha
 11574 | Lair:1   | Entered Level 1 of the Lair of Beasts
 11583 | Lair:1   | Reached skill level 12 in Fighting
 11586 | Lair:1   | Noticed Grum
 11595 | Lair:1   | Killed Grum
 13424 | Lair:2   | Noticed Harold
 13438 | Lair:2   | Killed Harold
 13661 | Lair:2   | Reached skill level 10 in Axes
 13705 | Lair:2   | Noticed a death yak
 13711 | Lair:2   | Noticed a death yak
 13712 | Lair:2   | Noticed a death yak
 13712 | Lair:2   | Noticed a death yak
 13713 | Lair:2   | Noticed a death yak
 13869 | Lair:1   | Killed a death yak
 14058 | Lair:2   | Noticed a death yak
 14070 | Lair:1   | Killed a death yak
 14311 | Lair:1   | Killed a death yak
 14623 | Lair:1   | Killed a death yak
 14623 | Lair:1   | Reached XP level 13. HP: 99/119 MP: 4/12
 14795 | Lair:2   | Found a staircase to the Swamp.
 15053 | Lair:2   | Got a warped large shield
 15393 | Lair:3   | Reached skill level 13 in Fighting
 15752 | Lair:3   | Got a fine mace
 16021 | Lair:3   | Identified the +8 mace "Kenetuog" {crush, rC- Int+4} (You found it on level 3 of the Lair of Beasts)
 16027 | Lair:3   | Identified the +8 large shield of Cupour {rF+ rCorr} (You found it on level 2 of the Lair of Beasts)
 16081 | Lair:3   | Received a gift from Trog
 16087 | Lair:3   | Reached skill level 1 in Maces & Flails
 16726 | Lair:4   | Noticed Urug
 16751 | Lair:4   | Killed Urug
 17083 | Lair:4   | Reached skill level 5 in Maces & Flails
 17328 | Lair:4   | Found a runed door.
 17375 | Lair:4   | Found a hole to the Spider Nest.
 18343 | Lair:5   | Reached XP level 14. HP: 130/130 MP: 13/13
 18807 | Lair:5   | Found a glowing golden altar of the Shining One.
 19132 | Lair:6   | Entered Level 6 of the Lair of Beasts
 19225 | Lair:6   | Noticed Kirke
 19315 | Lair:5   | Received a gift from Trog
 19349 | Lair:6   | Killed Kirke
 19724 | Lair:6   | Reached skill level 14 in Fighting
 20905 | Lair:6   | Received a gift from Trog
 21256 | Lair:6   | Reached skill level 10 in Maces & Flails
 21398 | Lair:6   | Found a staircase to the Slime Pits.
 21877 | Lair:6   | Reached XP level 15. HP: 139/139 MP: 14/14
 22315 | D:9      | Bought a scorched flail for 263 gold pieces
 22315 | D:9      | Identified the cursed +0 flail of Optimality {crush, rElec Int+6} (You bought it in a shop on level 9 of the Dungeon)
 22496 | D:9      | Identified a scroll of acquirement
 23136 | D:12     | Received a gift from Trog
 24623 | D:13     | Reached skill level 10 in Shields
 24784 | D:13     | Found a gate to the Vaults.
 26661 | D:15     | Entered Level 15 of the Dungeon
 26770 | D:15     | Reached skill level 15 in Fighting
 27351 | D:15     | Received a gift from Trog
 27993 | D:15     | Found a staircase to the Depths.
 28328 | Orc:1    | Entered Level 1 of the Orcish Mines
 28451 | Orc:1    | Found a radiant altar of Vehumet.
 28558 | Orc:2    | Entered Level 2 of the Orcish Mines
 28923 | Orc:2    | Found a staircase to the Elven Halls.
 28998 | Orc:2    | Found an iron altar of Okawaru.
 29017 | Orc:2    | Found Yfoif's Magic Scroll Shop.
 29035 | Orc:2    | Bought a scroll of enchant armour for 75 gold pieces
 29637 | Orc:2    | Found Wedwel's Antique Weapon Shop.
 29724 | Orc:2    | Found a radiant altar of Vehumet.
 29741 | Orc:2    | Received a gift from Trog
 29741 | Orc:2    | Reached skill level 15 in Armour
 29750 | Orc:2    | Found Biczuymo's Magic Scroll Shop.
 29769 | Orc:2    | Noticed Nergalle
 29774 | Orc:2    | Killed Nergalle
 29775 | Orc:2    | Found an ancient bone altar of Kikubaaqudgha.
 29890 | Orc:2    | Found a roughly hewn altar of Beogh.
 29901 | Orc:2    | Found Gewiqaid's Book Boutique.
 29906 | Orc:2    | Found Zuohos's Book Boutique.
 30197 | Swamp:1  | Entered Level 1 of the Swamp
 30822 | Swamp:1  | Reached XP level 16. HP: 149/149 MP: 5/15
 31993 | Swamp:2  | Received a gift from Trog
 32699 | Swamp:3  | Noticed Bai Suzhen
 33028 | Swamp:3  | Noticed a thorn hunter
 33047 | Swamp:3  | Killed a thorn hunter
 33340 | Swamp:3  | Killed Bai Suzhen
 33783 | Swamp:4  | Entered Level 4 of the Swamp
 34200 | Swamp:4  | Noticed a thorn hunter
 34366 | Swamp:4  | Reached skill level 16 in Fighting
 35091 | Swamp:4  | Noticed a tentacled monstrosity
 35115 | Swamp:4  | Killed a tentacled monstrosity
 35185 | Swamp:4  | Received a gift from Trog
 35200 | Swamp:4  | Got a faintly glowing morningstar {god gift}
 35201 | Swamp:4  | Identified the +5 morningstar of Yesterday {drain, -Tele Str+2 Dex+2 Stlth+} (Trog gifted it to you on level 4 of the Swamp)
 35741 | Swamp:4  | Got a decaying rune of Zot
 35768 | Swamp:4  | Killed a thorn hunter
 35815 | Swamp:4  | Reached XP level 17. HP: 149/159 MP: 16/16
 36499 | Spider:1 | Entered Level 1 of the Spider Nest
 36503 | Spider:1 | Noticed Asterion
 36520 | Spider:1 | Killed Asterion
 36909 | Spider:1 | Reached skill level 15 in Dodging
 37037 | Spider:1 | Noticed Josephine
 37043 | Spider:1 | Killed Josephine
 37479 | Spider:2 | Received a gift from Trog
 37533 | Spider:2 | Found the +5 robe of Night {Dark MR+ SInv}
 37601 | Spider:2 | Reached skill level 17 in Fighting
 37611 | Spider:2 | Paralysed by a hornet for 3 turns
 37870 | Spider:1 | Upgraded the game from 0.21-b1-21-g86478ac to 0.21-b1-23-g1fb0a74
 39363 | Spider:3 | Got a wavering jade amulet
 39365 | Spider:3 | Identified the amulet "Vecku" {+Rage Int+4} (You found it on level 3 of the Spider Nest)
 40010 | Spider:4 | Entered Level 4 of the Spider Nest
 40077 | Spider:4 | Received a gift from Trog
 40082 | Spider:4 | Noticed Arachne
 40285 | Spider:3 | Killed Arachne
 41157 | Spider:4 | Received a gift from Trog
 41327 | Spider:4 | Reached XP level 18. HP: 158/171 MP: 14/17
 42123 | Spider:4 | Got a gossamer rune of Zot
 42446 | Elf:1    | Entered Level 1 of the Elven Halls
 42543 | Elf:1    | Reached skill level 18 in Fighting
 42573 | Elf:1    | Reached skill level 1 in Evocations
 42903 | Elf:1    | Received a gift from Trog
 43007 | Elf:1    | Reached skill level 15 in Shields
 43010 | Elf:1    | Identified the Tome of Creative Confrontation
 43089 | Elf:1    | Got a pair of fine gloves
 43100 | Elf:1    | Identified the +3 pair of gloves "Rugem" {+Blink rF+} (You found it on level 1 of the Elven Halls)
 43365 | Elf:2    | Received a gift from Trog
 43411 | Elf:2    | Found Ovatisch's Magic Scroll Emporium.
 43439 | Elf:2    | Bought a scroll of enchant weapon for 82 gold pieces
 43766 | Elf:2    | Found a huge runed gate.
 43766 | Elf:2    | Found a huge runed gate.
 43766 | Elf:2    | Found a huge runed gate.
 43766 | Elf:2    | Found a huge runed gate.
 43766 | Elf:2    | Found a huge runed gate.
 44504 | D:9      | Bought the ring "Coallar" {rElec Dex+3 Stlth+} for 491 gold pieces
 44732 | Elf:3    | Entered Level 3 of the Elven Halls
 44995 | Elf:3    | Received a gift from Trog
 45511 | Elf:3    | Got a crude halberd {freeze}
 45531 | Elf:3    | Reached XP level 19. HP: 181/181 MP: 20/20
 45638 | Elf:3    | Reached skill level 19 in Fighting
 45798 | Elf:3    | Received a gift from Trog
 45861 | Elf:3    | Got a crystal broad axe {chop}
 46276 | Elf:3    | Identified the +8 broad axe "Foher" {chop, rC+} (You took it off a deep elf death mage on level 3 of the Elven Halls)
 46397 | Elf:3    | Got an ancient bronze amulet
 46463 | Elf:3    | Got a pitted pewter ring
 46584 | Elf:3    | Identified the ring "Kecun" {rC++ Str-3 Dex+4 Slay+2 Stlth-} (You took it off a deep elf sorcerer on level 3 of the Elven Halls)
 46589 | Elf:3    | Identified the amulet of Mul Onah {Faith +Inv rElec Str+5} (You took it off a deep elf death mage on level 3 of the Elven Halls)
 46611 | Elf:3    | Got a polished helmet
 46617 | Elf:3    | Found the +7 captain's cutlass {speed, disarm}
 46724 | Elf:3    | Got a pair of scorched gloves
 46841 | Elf:3    | Identified the +1 pair of gloves of the Heron {Int+5} (You found it on level 3 of the Elven Halls)
 47116 | Vaults:1 | Entered Level 1 of the Vaults
 47247 | Vaults:1 | Reached skill level 5 in Evocations
 47267 | Vaults:1 | Found a flickering gateway to a bazaar.
 47284 | Bazaar   | Entered a bazaar
 47297 | Bazaar   | Found Jegom's Assorted Antiques.
 47297 | Bazaar   | Found Lowkuty's Food Emporium.
 47333 | Bazaar   | Found Omakik's Gadget Shoppe.
 47333 | Bazaar   | Found Ituomina's Book Shoppe.
 47364 | Bazaar   | Bought a phial of floods for 360 gold pieces
 47364 | Bazaar   | Bought a box of beasts for 180 gold pieces
 47364 | Bazaar   | Bought a phantom mirror for 270 gold pieces
 47364 | Bazaar   | Bought a box of beasts for 180 gold pieces
 47386 | Bazaar   | Bought a scroll of enchant weapon for 225 gold pieces
 47408 | Vaults:1 | Noticed Nikola
 47429 | Vaults:1 | Killed Nikola
 47864 | Vaults:1 | Received a gift from Trog
 48312 | Vaults:1 | Reached skill level 10 in Polearms
 48476 | Vaults:1 | Received a gift from Trog
 48823 | Vaults:1 | Reached XP level 20. HP: 193/193 MP: 23/23
 48922 | Vaults:2 | Found Daixe's Magic Scroll Boutique.
 48937 | Vaults:2 | Found Hero's Jewellery Shop.
 49249 | Vaults:2 | Found Dumurr's Antique Armour Shoppe.
 49711 | Vaults:2 | Reached skill level 15 in Axes
 49769 | Vaults:2 | Received a gift from Trog
 50061 | Vaults:2 | Reached skill level 20 in Fighting
 50759 | Vaults:3 | Received a gift from Trog
 51240 | Vaults:3 | Found a staircase to the Crypt.
 51538 | Vaults:3 | Received a gift from Trog
 52099 | Vaults:4 | Reached XP level 21. HP: 202/202 MP: 25/25
 52299 | Vaults:4 | Found an ornate altar of the Wu Jian Council.
 52380 | Vaults:4 | Received a gift from Trog
 52877 | Vaults:4 | Found Kaorch's General Store.
 52881 | Vaults:4 | Found Ylockaxe's Armour Shoppe.
 52885 | Vaults:4 | Bought +1 gold dragon scales for 1827 gold pieces
 52885 | Vaults:4 | Bought a potion of heal wounds for 105 gold pieces
 52985 | Vaults:2 | Bought the ring of Owauni Musch {rC- MR++ Int+2 Dex+5} for 475 gold pieces
 53065 | Vaults:4 | Received a gift from Trog
 53096 | Vaults:4 | Found Imuym's Assorted Antiques.
 53099 | Vaults:4 | Found Hakuemid's Assorted Antiques.
 53107 | Vaults:4 | Bought a scroll of enchant armour for 240 gold pieces
 53247 | Vaults:4 | Found Gevisid's Book Emporium.
 53501 | Depths:1 | Entered Level 1 of the Depths
 53501 | Depths:1 | Found Duxzui's Book Emporium.
 53501 | Depths:1 | Noticed Sojobo
 53509 | Depths:1 | Noticed the Enchantress
 53526 | Depths:1 | Killed the Enchantress
 53735 | D:15     | Killed Sojobo
 53793 | Depths:1 | Got faerie dragon scales
 53812 | D:15     | Identified the +1 faerie dragon scales {rElec MR+ rCorr MP+3 Int+4} (You took it off the Enchantress on level 1 of the Depths)
 53963 | Depths:1 | Found the +3 robe of Folly {Archmagi, MR-- Int+5}
 54005 | Depths:1 | Reached skill level 21 in Fighting
 54063 | Depths:1 | Found a gateway to Hell.
 54072 | Depths:1 | Received a gift from Trog
 54536 | Depths:2 | Reached XP level 22. HP: 211/213 MP: 27/27
 54607 | Depths:2 | Received a gift from Trog
 54949 | Depths:2 | Found Daoqaqaiw's Blood Bar.
 55067 | Depths:2 | Found a one-way gate leading to the halls of Pandemonium.
 55292 | Depths:2 | Received a gift from Trog
 55775 | Depths:3 | Reached skill level 10 in Evocations
 55794 | Depths:3 | Found a gateway to a ziggurat.
 55853 | Depths:3 | Noticed a juggernaut
 55879 | Depths:3 | Killed a juggernaut
 55938 | Depths:3 | Noticed a golden dragon
 55950 | Depths:3 | Killed a golden dragon
 55950 | Depths:3 | Received a gift from Trog
 56708 | Depths:3 | Reached XP level 23. HP: 214/221 MP: 29/29
 56933 | Depths:4 | Received a gift from Trog
 57212 | Depths:4 | Reached XP level 24. HP: 190/230 MP: 30/30
 57213 | Depths:4 | Reached XP level 25. HP: 195/236 MP: 30/30
 57595 | Depths:4 | Reached skill level 22 in Fighting
 57722 | Depths:4 | Found a one-way gate to the infinite horrors of the Abyss.
 57724 | Depths:4 | Noticed Louise
 57736 | Depths:4 | Killed Louise
 57743 | Depths:4 | Received a gift from Trog
 58011 | Depths:5 | Entered Level 5 of the Depths
 58056 | Depths:5 | Noticed Xtahua
 58065 | Depths:5 | Killed Xtahua
 58552 | Depths:5 | Found a gate to the Realm of Zot.
 58677 | Depths:5 | Received a gift from Trog
 59348 | Vaults:5 | Entered Level 5 of the Vaults
 59466 | Vaults:5 | Received a gift from Trog
 60030 | Vaults:5 | Reached XP level 26. HP: 197/247 MP: 30/30
 60659 | Vaults:5 | Noticed a juggernaut
 60667 | Vaults:5 | a juggernaut changed into a caustic shrike
 60912 | Vaults:5 | Reached skill level 23 in Fighting
 61000 | Vaults:5 | Received a gift from Trog
 61152 | Vaults:5 | Noticed an ancient lich
 61166 | Vaults:5 | Killed an ancient lich
 61239 | Vaults:5 | Found Sitausho's Magic Scroll Boutique.
 61268 | Vaults:5 | Found Git Xyit's Book Shoppe.
 61273 | Vaults:5 | Bought a scroll of blinking for 105 gold pieces
 61273 | Vaults:5 | Bought a scroll of blinking for 105 gold pieces
 61401 | Vaults:5 | Found the +6 lightning scales {run, rElec}
 61606 | Vaults:5 | Got a silver rune of Zot
 62223 | Zot:1    | Entered Level 1 of the Realm of Zot
 62594 | Zot:3    | Received a gift from Trog
 63417 | Zot:1    | Received a gift from Trog
 63431 | Zot:1    | Reached XP level 27. HP: 224/259 MP: 30/30
 63951 | Zot:1    | Reached skill level 24 in Fighting
 64544 | Zot:2    | Received a gift from Trog
 64992 | Zot:2    | Noticed an orb of fire
 65003 | Zot:2    | Gained mutation: Your body sometimes deteriorates upon taking damage. [an orb of fire]
 65010 | Zot:2    | Killed an orb of fire
 65092 | Zot:2    | Lost mutation: Your body sometimes deteriorates upon taking damage. [potion of mutation]
 65092 | Zot:2    | Gained mutation: You are partially covered in molten scales. (AC +2) [potion of mutation]
 65092 | Zot:2    | Gained mutation: You can translocate small distances at will. [potion of mutation]
 65092 | Zot:2    | Gained mutation: You have very sharp teeth. [potion of mutation]
 66844 | Zot:3    | Received a gift from Trog
 68165 | Zot:4    | Received a gift from Trog
 68489 | Zot:4    | Reached skill level 25 in Fighting
 68773 | Zot:5    | Entered Level 5 of the Realm of Zot
 69301 | Zot:5    | Noticed an ancient lich
 69314 | Zot:5    | Killed an ancient lich
 69422 | Zot:5    | Noticed an ancient lich
 69431 | Zot:5    | Killed an ancient lich
 69688 | Zot:5    | Received a gift from Trog
 69824 | Zot:5    | Noticed an ancient lich
 69837 | Zot:5    | Killed an ancient lich
 69956 | Zot:5    | Noticed Yermak's ghost (veteran DDFi)
 70000 | Zot:5    | Killed Yermak's ghost
 70513 | Zot:5    | Noticed an ancient lich
 70542 | Zot:5    | Killed an ancient lich
 70542 | Zot:5    | Received a gift from Trog
 70712 | Zot:5    | Noticed an orb of fire
 70742 | Zot:5    | Killed an orb of fire
 71211 | Zot:5    | Reached skill level 26 in Fighting
 71265 | Zot:5    | Noticed an orb of fire
 71278 | Zot:5    | Gained mutation: Scrolls take you a little longer to read. [an orb of fire]
 71286 | Zot:5    | Gained mutation: You occasionally shout uncontrollably at your foes. [an orb of fire]
 71293 | Zot:5    | Gained mutation: Scrolls take you longer to read. [an orb of fire]
 71299 | Zot:5    | Killed an orb of fire
 71436 | Zot:5    | Noticed an orb of fire
 71443 | Zot:5    | Gained mutation: You are clumsy. (Dex -2) [an orb of fire]
 71445 | Zot:5    | Gained mutation: You are dopey. (Int -2) [an orb of fire]
 71459 | Zot:5    | Killed an orb of fire
 71568 | Zot:5    | Noticed an orb of fire
 71617 | Zot:5    | Gained mutation: You tend to lose your temper in combat. [an orb of fire]
 71640 | Zot:5    | Gained mutation: Your body sometimes deteriorates upon taking damage. [an orb of fire]
 71646 | Zot:5    | Killed an orb of fire
 71670 | Zot:5    | Noticed an ancient lich
 71689 | Zot:5    | Killed an ancient lich
 71840 | Zot:5    | Got a scorched hat
 71851 | Zot:5    | Identified the +1 hat of Discretion {rElec} (You acquired it on level 5 of the Realm of Zot)
 71855 | Zot:5    | Lost mutation: You occasionally shout uncontrollably at your foes. [potion of mutation]
 71855 | Zot:5    | Lost mutation: You are dopey. (Int -2) [potion of mutation]
 71855 | Zot:5    | Gained mutation: Your spells are a little easier to cast, but a little less powerful. [potion of mutation]
 71855 | Zot:5    | Gained mutation: You are resistant to hostile enchantments. (MR+) [potion of mutation]
 71855 | Zot:5    | Gained mutation: Your flesh is cold resistant. (rC+) [potion of mutation]
 71856 | Zot:5    | Lost mutation: You are clumsy. (Dex -2) [potion of mutation]
 71856 | Zot:5    | Lost mutation: Your body sometimes deteriorates upon taking damage. [potion of mutation]
 71856 | Zot:5    | Lost mutation: You can translocate small distances at will. [potion of mutation]
 71856 | Zot:5    | Gained mutation: You are highly resistant to hostile enchantments. (MR++) [potion of mutation]
 71857 | Zot:5    | Lost mutation: Your flesh is cold resistant. (rC+) [potion of mutation]
 71857 | Zot:5    | Lost mutation: Scrolls take you longer to read. [potion of mutation]
 71857 | Zot:5    | Lost mutation: You have very sharp teeth. [potion of mutation]
 71857 | Zot:5    | Lost mutation: Your spells are a little easier to cast, but a little less powerful. [potion of mutation]
 71857 | Zot:5    | Gained mutation: You have sharp toenails. [potion of mutation]
 71858 | Zot:5    | Lost mutation: You are highly resistant to hostile enchantments. (MR++) [potion of mutation]
 71858 | Zot:5    | Lost mutation: You have sharp toenails. [potion of mutation]
 71858 | Zot:5    | Lost mutation: Scrolls take you a little longer to read. [potion of mutation]
 71858 | Zot:5    | Gained mutation: Your system is resistant to poisons. (rPois) [potion of mutation]
 71858 | Zot:5    | Gained mutation: You are agile. (Dex +2) [potion of mutation]
 71859 | Zot:5    | Lost mutation: You are agile. (Dex +2) [potion of mutation]
 71859 | Zot:5    | Lost mutation: You tend to lose your temper in combat. [potion of mutation]
 71859 | Zot:5    | Lost mutation: You are partially covered in molten scales. (AC +2) [potion of mutation]
 71859 | Zot:5    | Gained mutation: You are clumsy. (Dex -2) [potion of mutation]
 71859 | Zot:5    | Gained mutation: You are partially covered in large bone plates. (SH +4) [potion of mutation]
 72816 | Zot:5    | Got the Orb of Zot
 72821 | Zot:5    | Noticed Wisoneif the pandemonium lord
 72890 | Zot:3    | Noticed Giusarir the pandemonium lord
 73072 | Depths:3 | Gained mutation: Potions are less effective at restoring your health. [a neqoxec]
 73477 | D:1      | Received a gift from Trog
 73488 | D:$      | Escaped with the Orb!

Skill      XL: |  1  2  3  4  5  6  7  8  9 10 11 12 13 14 15 16 17 18 19 20 21 22 23 24 25 26 27 |
---------------+----------------------------------------------------------------------------------+-----
Fighting       | 4 5 6 7 9 10 11 12 13 14 15 16 17 18 19 20 21 22 23 26 | 26.7
Axes           | 4 5 7 10 11 12 13 14 15 | 15.3
Armour         | 3 4 5 6 7 9 10 11 12 13 14 15 16 17 18 19 20 21 22 25 | 25.7
Dodging        | 3 4 5 6 8 9 10 11 12 13 14 15 16 17 18 19 21 24 | 24.0
Polearms       | 2 5 7 8 9 10 | 10.7
Shields        | 1 4 6 7 9 10 12 14 16 17 18 19 20 21 22 23 25 | 25.0
Maces & Flails | 6 10 12 13 | 13.0
Evocations     | 3 5 7 9 10 11 | 11.0

Action                   |  1- 3 |  4- 6 |  7- 9 | 10-12 | 13-15 | 16-18 | 19-21 | 22-24 | 25-27 || total
-------------------------+-------+-------+-------+-------+-------+-------+-------+-------+-------++-------
Melee: Hand axe          |    77 |   219 |       |       |       |       |       |       |       ||   296
       Headbutt          |    16 |    36 |    69 |   175 |   430 |   511 |   454 |   211 |   838 ||  2740
       Trident           |       |       |   360 |   326 |       |       |       |       |       ||   686
       Battleaxe         |       |       |       |   386 |    98 |       |       |       |       ||   484
       Mace              |       |       |       |       |  1227 |       |       |       |       ||  1227
       Unarmed           |       |       |       |       |    10 |       |       |       |       ||    10
       War axe           |       |       |       |       |   251 |   341 |       |       |       ||   592
       Flail             |       |       |       |       |    36 |   117 |       |       |       ||   153
       Morningstar       |       |       |       |       |       |   449 |       |       |       ||   449
       Broad axe         |       |       |       |       |       |   257 |  1242 |   536 |  1944 ||  3979
       Demon whip        |       |       |       |       |       |   815 |   197 |       |       ||  1012
       Bite              |       |       |       |       |       |       |       |       |   213 ||   213
       Demon trident     |       |       |       |       |       |       |       |       |    90 ||    90
 Fire: Hunting sling     |       |       |       |     3 |       |       |       |       |       ||     3
Throw: Throwing net      |       |       |       |       |       |       |       |       |     2 ||     2
Invok: Berserk           |       |       |     5 |     9 |    11 |     7 |     3 |       |     7 ||    42
       Trog's Hand       |       |       |     3 |     8 |     8 |     5 |    11 |       |     4 ||    39
       Burn Spellbooks   |       |       |     1 |     3 |       |     1 |       |       |       ||     5
       Brothers in Arms  |       |       |       |       |     3 |     5 |     4 |     1 |     4 ||    17
Evoke: Wand              |       |       |       |       |       |    19 |     3 |       |    16 ||    38
       Lamp of fire      |       |       |       |       |       |     1 |     2 |       |     1 ||     4
       Lightning rod     |       |       |       |       |       |       |     2 |       |     1 ||     3
       Sack of spiders   |       |       |       |       |       |       |       |     1 |     2 ||     3
       Phial of floods   |       |       |       |       |       |       |       |     1 |       ||     1
       Phantom mirror    |       |       |       |       |       |       |       |       |     1 ||     1
       Box of beasts     |       |       |       |       |       |       |       |       |     1 ||     1
  Use: Scroll            |       |     9 |    10 |     4 |    18 |    20 |     8 |       |    11 ||    80
       Potion            |       |     1 |       |     1 |     1 |     8 |     1 |     2 |    11 ||    25
 Stab: Paralysed         |       |     1 |       |       |       |     1 |       |       |       ||     2
       Distracted        |       |       |       |       |       |     1 |     4 |     1 |     4 ||    10
       Held in net/web   |       |       |       |       |       |     1 |       |     1 |       ||     2
  Eat: Chunk             |     1 |     7 |    11 |    20 |    51 |    22 |    31 |     7 |     8 ||   158
       Ration            |       |       |     2 |     5 |     5 |    11 |     3 |       |    19 ||    45
Armor: Chain mail        |    35 |   101 |    92 |    24 |       |       |       |       |       ||   252
       Plate armour      |       |       |       |   204 |   310 |   525 |   136 |       |       ||  1175
       Gold dragon scale |       |       |       |       |       |       |    57 |    99 |   390 ||   546
       Skin              |       |       |       |       |       |       |       |       |     6 ||     6
Dodge: Dodged            |    27 |    90 |   106 |   266 |   258 |   471 |   283 |   126 |   589 ||  2216
Block: Other             |       |       |    25 |    36 |    32 |       |       |       |       ||    93
       Shield            |       |       |     5 |   142 |       |       |       |       |       ||   147
       Reflection        |       |       |       |     5 |    48 |    63 |    14 |       |       ||   130
       Large shield      |       |       |       |       |  1631 |  2438 |  1563 |   587 |  2209 ||  8428
